AoeStats
← beneath mariana

QS Arena

503691238Analyzed
4v4 RM · 1mo ago on Sep 1, 2026· 44m 16s· 8 players
Game mode
Random Map
Map size
Large (8 player)
Population
200
Speed
Normal
Resources
Standard
Victory
Conquest
Starting age
Dark Age
Ending age
Imperial Age
RankedLock teamsTeams togetherTeam positionsShared explorationLock speedFull tech treeHidden civsTurbo modeCheats
Victory
Defeat
🇹🇷 Franks · Türkiye
1540
+13
🇹🇷 Spanish · Türkiye
1517
+14
🇹🇷 Dravidians · Türkiye
1426
+32
🇹🇷 Turks · Türkiye
1402
+19
🇨🇳 Teutons · China
1487
-17
🇺🇸 Jurchens · United States
1472
-16
🇩🇪 Cumans · Germany
1452
-15
🇺🇸 Sicilians · United States
1447
-15
heybrowazzup
8:23 Feudal Age
9:43 Horse Collar
12:34 Castle Age
10:48 Double-Bit Axe
12:18 Gold Mining
21:06 Wheelbarrow
20:54 Heavy Plow
21:47 Bow Saw
21:39 Stone Mining
25:31 Imperial Age
22:58 Loom
24:04 Fletching
24:36 Ballistics
24:43 Hand Cart
24:44 Bodkin Arrow
25:43 Thumb Ring
25:39 Padded Archer Armor
27:15 Chemistry
26:20 Bracer
27:23 Leather Archer Armor
27:46 Town Watch
27:51 Elite Elephant Archer
29:23 Medical Corps
32:45 Two-Man Saw
33:07 Conscription
32:55 Siege Elephant
33:48 Murder Holes
34:05 Masonry
41:28 Ring Archer Armor
Ainz_Own_Goal
8:31 Feudal Age
12:54 Castle Age
11:48 Double-Bit Axe
19:43 Wheelbarrow
22:28 Bow Saw
22:53 Hand Cart
23:46 Loom
27:22 Imperial Age
25:43 Scale Barding Armor
25:49 Forging
25:54 Stone Mining
25:55 Gold Mining
26:18 Husbandry
26:52 Chain Barding Armor
27:43 Gold Shaft Mining
27:52 Town Watch
28:44 Iron Casting
27:35 Cavalier
29:14 Plate Barding Armor
31:06 Blast Furnace
31:48 Conscription
31:19 Paladin
35:22 Fletching
36:59 Bodkin Arrow
37:32 Ballistics
37:51 Town Patrol
39:06 Chemistry
Sejamba
8:20 Feudal Age
12:29 Castle Age
10:53 Double-Bit Axe
12:10 Horse Collar
12:24 Stone Mining
14:06 Bow Saw
14:20 Loom
15:11 Wheelbarrow
18:00 Padded Archer Armor
22:59 Heavy Plow
22:50 Gold Mining
24:49 Hand Cart
28:17 Town Watch
33:17 Imperial Age
30:41 Town Watch
31:03 Scale Barding Armor
31:25 Forging
32:34 Bloodlines
32:25 Husbandry
33:23 Chain Barding Armor
34:15 Iron Casting
33:54 Cavalier
35:12 Plate Barding Armor
37:01 Blast Furnace
35:43 Paladin
37:28 Two-Man Saw
37:05 Stone Shaft Mining
37:03 Coinage
36:35 Caravan
39:35 Guilds
39:56 Banking
39:44 Fletching
40:23 Bodkin Arrow
39:51 Pikeman
40:32 Squires
40:18 Gambesons
40:19 Arson
42:00 Bracer
42:15 Leather Archer Armor
43:03 Chemistry
42:14 Fortified Wall
41:59 Murder Holes
42:48 Light Cavalry
45:08 Ring Archer Armor
44:39 Scale Mail Armor
44:01 Man-at-Arms
Kanyaga
10:30 Feudal Age
12:03 Loom
14:49 Castle Age
13:07 Double-Bit Axe
16:50 Bow Saw
16:56 Bow Saw
16:34 Horse Collar
18:48 Town Watch
19:42 Wheelbarrow
21:25 Gold Mining
25:01 Imperial Age
23:39 Heavy Plow
24:55 Padded Archer Armor
26:08 Wheelbarrow
29:11 Conscription
29:10 Hand Cart
30:15 Leather Archer Armor
32:14 Masonry
32:29 Fortified Wall
36:12 Architecture
36:33 Treadmill Crane
38:29 Ballistics
38:36 Thumb Ring
40:39 Fletching
41:19 Ring Archer Armor
44:03 Parthian Tactics
42:59 Heavy Cavalry Archer
43:35 Bodkin Arrow
boo
7:37 Feudal Age
11:16 Castle Age
9:27 Double-Bit Axe
11:45 Horse Collar
19:46 Bow Saw
19:40 Heavy Plow
20:38 Loom
26:31 Gold Mining
28:18 Wheelbarrow
28:52 Stone Mining
30:21 Gold Shaft Mining
30:07 Husbandry
30:23 Bloodlines
30:46 Scale Barding Armor
31:14 Forging
31:52 Chain Barding Armor
34:10 Iron Casting
34:31 Stone Shaft Mining
34:12 Fletching
37:30 Imperial Age
36:47 Ballistics
36:38 Masonry
38:23 Hand Cart
38:49 Plate Barding Armor
39:00 Conscription
38:40 Elite Iron Pagoda
41:20 Blast Furnace
41:29 Fortified Bastions
41:52 Herbal Medicine
The_Reverend
8:09 Feudal Age
12:14 Castle Age
10:30 Stone Mining
10:57 Double-Bit Axe
11:34 Horse Collar
12:03 Loom
13:58 Bow Saw
18:01 Heavy Plow
21:28 Sanctity
21:20 Fervor
22:49 Wheelbarrow
25:30 Hand Cart
25:00 Town Watch
27:30 Scale Barding Armor
27:36 Forging
30:18 Imperial Age
27:13 Light Cavalry
27:54 Husbandry
28:15 Bloodlines
28:52 First Crusade
29:39 Iron Casting
29:25 Chain Barding Armor
29:48 Iron Casting
35:55 Cavalier
Sergeantmilan97
6:43 Feudal Age
7:25 Double-Bit Axe
7:24 Horse Collar
12:26 Wheelbarrow
12:29 Gold Mining
18:40 Castle Age
16:43 Stone Mining
18:38 Scale Barding Armor
18:44 Forging
19:47 Bow Saw
19:40 Heavy Plow
20:20 Gold Shaft Mining
20:22 Hand Cart
19:52 Loom
19:53 Town Watch
20:52 Bloodlines
21:04 Chain Barding Armor
21:20 Iron Casting
26:45 Imperial Age
24:38 Steppe Husbandry
28:15 Plate Barding Armor
28:05 Conscription
28:50 Crop Rotation
29:23 Two-Man Saw
28:19 Elite Steppe Lancer
30:27 Blast Furnace
beneath mariana
7:59 Feudal Age
8:56 Horse Collar
10:28 Double-Bit Axe
11:53 Wheelbarrow
14:24 Castle Age
13:07 Gold Mining
13:08 Stone Mining
16:59 Bow Saw
18:53 Loom
19:31 Hand Cart
21:02 Fletching
21:05 Loom
24:03 Town Watch
27:51 Imperial Age
25:50 Sanctity
25:39 Bodkin Arrow
26:46 Stone Shaft Mining
26:49 Redemption
28:02 Scale Mail Armor
28:12 Forging
28:34 Ballistics
28:54 Crenellations
29:37 Two-Man Saw
29:08 Block Printing
29:28 Elite Teutonic Knight
30:28 Conscription
30:26 Guilds
31:11 Chain Mail Armor
31:31 Iron Casting
31:56 Squires
32:33 Heavy Plow
33:31 Plate Mail Armor
34:56 Illumination
35:07 Theocracy
37:33 Masonry
37:44 Pikeman
40:29 Blast Furnace
40:29 Halberdier
43:37 Coinage
Connection lost

Rejoining the realm…

Still unreachable

The connection could not be restored.

Session expired

The server has moved on; the page needs a fresh start.